 Dungeon Crawl Stone Soup version 0.22.1-1-ga44c0e5 (webtiles) character file.

65 Lauz the Magician (level 3, 0/19 HPs)
             Began as a Deep Elf Air Elementalist on Oct 29, 2018.
             Slain by a gnoll
             ... wielding a +0 whip
              (8 damage)
             ... on level 2 of the Dungeon.
             The game lasted 00:07:32 (1733 turns).

Lauz the Magician (Deep Elf Air Elementalist)       Turns: 1733, Time: 00:07:33

Health: 0/19       AC:  2    Str:  5    XL:     3   Next: 92%
Magic:  3/10       EV: 13    Int: 20    God:
Gold:   83         SH:  0    Dex: 15    Spells: 7/10 levels left

rFire    . . .     SeeInvis .   g - +2 dagger (freeze)
rCold    . . .     Gourm    .   (no shield)
rNeg     . . .     Faith    .   a - +0 robe
rPois    .         Spirit   .   (no helmet)
rElec    .         Reflect  .   (no cloak)
rCorr    .         Harm     .   (no gloves)
MR       .....                  (no boots)
Stlth    ++........             (no amulet)
HPRegen  0.06/turn              (no ring)
MPRegen  0.12/turn              (no ring)

@: very slightly contaminated
A: no striking features
a: no special abilities


You were on level 2 of the Dungeon.
You were not hungry.

You visited 1 branch of the dungeon, and saw 2 of its levels.

You collected 83 gold pieces.

Inventory:

Hand Weapons
 f - a +0 dagger
 g - a +2 dagger of freezing (weapon)
Armour
 a - a +0 robe (worn)
Jewellery
 b - an uncursed ring of protection from cold {unknown}
 i - a cursed -3 ring of slaying {unknown}
Scrolls
 h - a scroll of amnesia {unknown}
 j - a scroll of teleportation {unknown}
Potions
 d - a potion of berserk rage {unknown}
 e - 2 potions of brilliance {unknown}
Comestibles
 c - 3 rations


   Skills:
 - Level 2.4 Dodging
 - Level 2.4 Stealth
 * Level 4.4 Spellcasting
 * Level 2.7 Conjurations
 + Level 3.4 Air Magic


You had 7 spell levels left.
You knew the following spells:

 Your Spells              Type           Power        Failure   Level  Hunger
a - Shock                 Conj/Air       ###.         3%          1    None
b - Swiftness             Chrm/Air       ##......     10%         2    #......

Your spell library contained the following spells:

 Spells                   Type           Power        Failure   Level  Hunger
 Static Discharge         Conj/Air       ###.....     11%         3    ###....
 Airstrike                Air            ###.......   30%         4    ####...
 Lightning Bolt           Conj/Air       ###.......   67%         5    ######.


Dungeon Overview and Level Annotations

Branches:
Dungeon (2/15)

Altars:


Message History

You miscast Shock.
You are very lightly contaminated with residual magic.
Strange energies run through your body. The gnoll hits you with a whip.
Casting: Shock (safe; 3% risk of failure)
Confirm with . or Enter, or press ? or * to list all spells.
Aiming: Shock (safe; 3% risk of failure)
Press: ? - help, Shift-Dir - straight line, f/p - gnoll
Aim: a gnoll, wielding a whip (severely wounded)
The zap hits the gnoll.
The gnoll appears unharmed.
The gnoll is severely wounded.
The gnoll hits you with a whip!
Casting: Shock (safe; 3% risk of failure)
Confirm with . or Enter, or press ? or * to list all spells.
Aiming: Shock (safe; 3% risk of failure)
Press: ? - help, Shift-Dir - straight line, f/p - gnoll
Aim: a gnoll, wielding a whip (severely wounded)
The zap hits the gnoll.
The gnoll is almost dead.
The gnoll hits you with a whip!
You die...

#.# . #.# . #.# g
#.# g #.###########
. #...........#
###########.
###########<#
#.....g.....
#.#######.##########
#..@g.....#
###########


You could see a gnoll.

Vanquished Creatures
  A gnoll (D:2)
  2 adders (D:2)
  A worm (D:2)
  2 giant cockroaches
  4 hobgoblins
  3 jackals (D:2)
  6 kobolds
  2 bats (D:1)
  2 frilled lizards (D:1)
  4 goblins
  8 rats
35 creatures vanquished.

Notes
Turn   | Place    | Note
-------+----------+-------------------------------------------
     0 | D:1      | Lauz the Deep Elf Air Elementalist began the quest for the
                  | Orb.
     0 | D:1      | Reached XP level 1. HP: 10/10 MP: 6/6
   320 | D:1      | Reached XP level 2. HP: 15/15 MP: 6/8
   756 | D:1      | Learned a level 2 spell: Swiftness
   797 | D:2      | Reached XP level 3. HP: 18/19 MP: 0/10
   913 | D:2      | Reached skill level 4 in Spellcasting
  1733 | D:2      | Slain by a gnoll

Skill      XL: |  1  2  3 |
---------------+----------+-----
Spellcasting   | 4 |  4.4
Conjurations   | 2 |  2.7
Dodging        | |  2.4
Stealth        | |  2.4
Air Magic      | |  3.4

Action                   || total
-------------------------++-------
Melee: Unarmed           ||     8
 Cast: Shock             ||    77
       Swiftness         ||     3
  Use: Scroll            ||     3
  Eat: Chunk             ||     2
Armor: Robe              ||     7
Dodge: Dodged            ||    31
